AoeStats
← Foodude4

Oasis

509336152Analyzed
3v3 RM · 6d ago on Sep 26, 2026· 20m 5s· 6 players
Game mode
Random Map
Map size
Normal (6 player)
Population
200
Speed
Normal
Resources
Standard
Victory
Conquest
Starting age
Dark Age
Ending age
Imperial Age
RankedLock teamsTeams togetherTeam positionsShared explorationLock speedFull tech treeHidden civsTurbo modeCheats
Victory
Defeat
🇦🇺 Ethiopians · Australia
1069
+15
🇦🇺 Vietnamese · Australia
1058
+15
🇦🇺 Persians · Australia
920
+20
🇮🇳 Celts · India
1064
-18
🇨🇭 Japanese · Switzerland
1022
-16
🇫🇷 Lithuanians · France
1016
-16
aśoka
9:35 Loom
12:11 Feudal Age
16:26 Castle Age
17:03 Pikeman
sarfaoui4
10:28 Feudal Age
9:45 Loom
15:15 Castle Age
13:30 Double-Bit Axe
13:52 Gold Mining
Twör
3:03 Loom
10:31 Feudal Age
11:01 Double-Bit Axe
12:58 Man-at-Arms
18:03 Forging
21:02 Castle Age
20:03 Wheelbarrow
20:05 Fletching
Ackshun
0:34 Loom
11:02 Feudal Age
11:49 Double-Bit Axe
11:46 Horse Collar
13:08 Gold Mining
15:49 Wheelbarrow
20:56 Castle Age
Foodude4
6:14 Loom
10:39 Feudal Age
13:44 Forging
14:36 Bloodlines
16:28 Horse Collar
21:17 Castle Age
Kippa97
1:21 Loom
10:44 Feudal Age
11:31 Double-Bit Axe
12:53 Horse Collar
17:05 Fletching
20:48 Castle Age
19:16 Gold Mining
Connection lost

Rejoining the realm…

Still unreachable

The connection could not be restored.

Session expired

The server has moved on; the page needs a fresh start.